 Dungeon Sprint DCSS version 0.26-a0-663-g36e8fdb655 (webtiles) character file.

Game seed: 2316303084554266660

314005 olmar the Executioner (level 14, 40/151 HPs)
             Began as a Deep Dwarf Fighter on Oct 10, 2020.
             Was an Initiate of Gozag.
             Escaped with the Orb!
             The game lasted 00:18:37 (4430 turns).

olmar the Executioner (Deep Dwarf Fighter)          Turns: 4430, Time: 00:18:38

Health: 40/151     AC: 17    Str: 32    XL:     14   Next: 55%
Magic:  9/9 (0)    EV:  8    Int: 13    God:    Gozag
Gold:   2222       SH: 26    Dex: 12    Spells: 13/13 levels left

rFire    + + .     SeeInvis .   z - +7 hand axe of Ziahips {freeze, rElec rPois Str+2 Int+3}
rCold    . . .     Faith    .   l - +0 tower shield
rNeg     + . .     Spirit   .   M - +3 scale mail {rF+}
rPois    +         Reflect  +   (no helmet)
rElec    +         Harm     .   C - +2 cloak
rCorr    .         Rampage  .   (no gloves)
MR       ++...     NoTele   +   (no boots)
Stlth    ..........             u - amulet of reflection
HPRegen  0.00/turn              c - +6 ring of strength
MPRegen  0.11/turn              f - ring of magical power

@: gold aura, non-regenerating
A: damage resistance, heal wounds, claws 1, fire resistance 1, low mp 1,
negative energy resistance 1, sense surroundings 2, subdued magic 1, no
regeneration
0: Orb of Zot
a: Heal Wounds, Potion Petition, Call Merchant, Bribe Branch, Renounce Religion


You escaped.
You worshipped Gozag.
Gozag was most pleased with you.
You visited 1 branch You collected 10019 gold pieces.
You spent 5502 gold pieces at shops.
You paid 2295 gold pieces to Gozag.

Inventory:

Hand Weapons
 n - a +2 battleaxe of venom
 v - a +1 great sword of flaming
 z - the +7 hand axe of Ziahips (weapon) {freeze, rElec rPois Str+2 Int+3}
   (You bought it in a shop in the Dungeon)

   It has been specially enchanted to freeze those struck by it, causing extra
   injury to most foes and up to half again as much damage against particularly
   susceptible opponents.
   It can also slow down cold-blooded creatures.
   It affects your strength (+2).
   It affects your intelligence (+3).
   It insulates you from electricity.
   It protects you from poison.
 I - a +6 vorpal hand axe
Missiles
 d - 4 curare-tipped darts (quivered)
Armour
 l - a +0 tower shield (worn)
 C - a +2 cloak (worn)
 M - a +3 scale mail of fire resistance (worn)
Jewellery
 c - a +6 ring of strength (left claw)
 f - a ring of magical power (right claw)
 u - an amulet of reflection (around neck)
Wands
 k - a wand of digging (2)
 m - a wand of paralysis (4)
 p - a wand of iceblast (7)
Scrolls
 g - 3 scrolls of amnesia
 i - a scroll of identify
 o - a scroll of enchant armour
 q - a scroll of summoning
 r - a scroll of fog
 t - a scroll of fear
 B - 2 scrolls of magic mapping
 D - 2 scrolls of random uselessness
 E - a scroll of immolation
 F - 4 scrolls of remove curse
Potions
 h - 2 potions of magic
 s - 2 potions of cancellation
 w - 2 potions of brilliance
 x - a potion of flight
 A - a potion of degeneration
 G - a potion of lignification
 H - a potion of invisibility
 K - a potion of resistance
Miscellaneous
 a - a box of beasts (3/3)
 e - a phial of floods


   Skills:
 + Level 16.8 Fighting
 + Level 2.8 Long Blades
 + Level 22.3 Axes
 - Level 0.1 Throwing
 + Level 16.9 Armour
 - Level 1.3 Stealth
 + Level 12.9 Shields
 + Level 10.9 Evocations


You had 13 spell levels left.
You didn't know any spells.
Your spell library contained the following spells:

 Spells                   Type           Power        Failure   Level
 Sting                    Tmut/Pois      #...         91%         1
 Poisonous Vapours        Pois/Air       #.....       97%         2
 Ignite Poison            Fire/Tmut/Pois #.......     100%        3
 Mephitic Cloud           Conj/Pois/Air  #.......     100%        3
 Olgreb's Toxic Radiance  Pois           #.......     100%        4


Dungeon Overview and Level Annotations

Branches:
Dungeon (1/1)

Altars:
Cheibriados
Dithmenos
Elyvilon
Fedhas
Gozag
Hepliaklqana
Kikubaaqudgha
Makhleb
Nemelex Xobeh
Okawaru
Qazlal
Ru
Sif Muna
Trog
Uskayaw
Vehumet
Wu Jian
Xom
Yredelemnul
Zin
The Shining One
Jiyva
Lugonu

Shops:
D (?[((**[*[}[=[(!!!}[[(**

Annotations:
D exclusion: oklob plant, Tiamat


Innate Abilities, Weirdness & Mutations

You are resistant to damage.
You can heal yourself by infusing magical energy.
You resist negative energy. (rN+)
You passively map the area around you.
You do not regenerate.
You have sharp fingernails.
Your flesh is heat resistant. (rF+)
Your magical capacity is low. (-10% MP)
Your spells are a little easier to cast, but a little less powerful.


Message History

Things that are here:
a +0 robe; a +0 dagger
There is an open door, spattered with blood here.
There is an open door here.
There is a corrupted altar of Lugonu here.
There is a viscous altar of Jiyva here.
A toenail golem comes into view.
There is an open door, spattered with blood here.
Your extra speed is starting to run out.
There is an open door here.
Things that are here:
a +0 robe of cold resistance; a +0 scythe
There is an open door here.
You feel yourself slow down.
There is an open door, spattered with blood here.
You see here a +0 giant club.
You see here a +0 ring mail.
There is an open door here.
There is a staircase leading out of the dungeon here.
You have escaped!

##################
#@.#..)..#.['..#__
#..'[.#..'..#..'^.
#..#####'#####8#__
#..####..#...#(###
#..#__####..##.#≈≈
#..#_____##'#_.'§≈
#⌠⌠#_.∩...'..._#§≈
##.#_..__##_.#'##(
#..#_____###'#.#((


There were no monsters in sight!

Vanquished Creatures
  A golden dragon (D)
  A shadow dragon (D)
  A daeva (D)
  4 fire giants (D)
  A lorocyproca (D)
  A deep elf annihilator (D)
  A hydra (D)
  2 centaur warriors (D)
  Sonja (D)
  7 unseen horrors (D)
  A deep troll (D)
  A lindwurm (D)
  An oklob plant (D)
  8 shining eyes (D)
  2 merfolk sirens (D)
  A gargoyle (D)
  2 kobold demonologists (D)
  4 demonic crawlers (D)
  A hellwing (D)
  5 hornets (D)
  A slime creature (D)
  2 redbacks (D)
  Sigmund (D)
  A yak (D)
  13 hogs (D)
  7 floating eyes (D)
  An ogre (D)
  7 necrophages (D)
  8 jellies (D)
  Ijyb (D)
88 creatures vanquished.

Vanquished Creatures (others)
  An Orb Guardian (D)
  A gargoyle (D)
  A meliai (D)
  2 ballistomycete spores (D)
5 creatures vanquished.

Grand Total: 93 creatures vanquished

Notes
Turn   | Place    | Note
-------+----------+-------------------------------------------
     0 | D        | olmar the Deep Dwarf Fighter began the quest for the Orb.
     0 | D        | Reached XP level 1. HP: 20/20 MP: 1/1
     1 | D        | Noticed Ijyb
    14 | D        | Killed Ijyb
    14 | D        | Reached skill level 3 in Axes
    14 | D        | Reached XP level 2. HP: 28/30 MP: 2/2
   141 | D        | Noticed an ogre
   146 | D        | Killed an ogre
   146 | D        | Reached skill level 5 in Fighting
   146 | D        | Reached skill level 5 in Axes
   146 | D        | Reached skill level 5 in Armour
   146 | D        | Reached XP level 3. HP: 28/39 MP: 3/3
   146 | D        | Reached XP level 4. HP: 33/46 MP: 4/4
   275 | D        | Noticed Sigmund
   285 | D        | Killed Sigmund
   285 | D        | Reached skill level 7 in Axes
   285 | D        | Reached XP level 5. HP: 56/56 MP: 4/4
   297 | D        | Found a shimmering blue altar of Sif Muna.
   298 | D        | Found an ornate altar of the Wu Jian Council.
   299 | D        | Found a radiant altar of Vehumet.
   302 | D        | Reached XP level 6. HP: 63/63 MP: 5/5
   327 | D        | Found Dosch's Weapon Emporium.
   327 | D        | Found an ancient bone altar of Kikubaaqudgha.
   327 | D        | Found a hazy altar of Hepliaklqana.
   327 | D        | Found a hide-covered altar of Uskayaw.
   327 | D        | Found a basalt altar of Yredelemnul.
   327 | D        | Found an opulent altar of Gozag.
   327 | D        | Found a snail-covered altar of Cheibriados.
   327 | D        | Found a sacrificial altar of Ru.
   327 | D        | Found a shadowy altar of Dithmenos.
   327 | D        | Noticed a yak
   335 | D        | Killed a yak
   335 | D        | Reached skill level 9 in Axes
   336 | D        | Found a stormy altar of Qazlal.
   336 | D        | Found a blossoming altar of Fedhas.
   336 | D        | Found a bloodstained altar of Trog.
   336 | D        | Found an iron altar of Okawaru.
   336 | D        | Found a glowing golden altar of the Shining One.
   336 | D        | Found a glowing silver altar of Zin.
   336 | D        | Found a white marble altar of Elyvilon.
   337 | D        | Found a sparkling altar of Nemelex Xobeh.
   341 | D        | Became a worshipper of Gozag Ym Sagoz the Greedy
   353 | D        | Noticed a deep troll
   363 | D        | Killed a deep troll
   363 | D        | Reached skill level 11 in Axes
   363 | D        | Reached XP level 7. HP: 50/74 MP: 5/5
   369 | D        | Killed an unseen horror
   369 | D        | Reached skill level 12 in Axes
   369 | D        | Reached skill level 10 in Armour
   369 | D        | Reached skill level 1 in Evocations
   369 | D        | Reached XP level 8. HP: 42/84 MP: 6/6
   381 | D        | Killed an unseen horror
   381 | D        | Reached skill level 13 in Axes
   381 | D        | Gained mutation: You passively map the area around you.
                  | [Deep Dwarf growth]
   381 | D        | Reached XP level 9. HP: 38/91 MP: 7/7
   395 | D        | Paralysed by a floating eye for 4 turns
   400 | D        | Reached skill level 10 in Shields
   409 | D        | Reached skill level 14 in Axes
   451 | D        | Reached skill level 10 in Fighting
   561 | D        | Noticed Sonja
   597 | D        | Killed Sonja
   662 | D        | Found Igud's Antique Armour Shoppe.
   662 | D        | Found Acengiar's General Store.
   662 | D        | Found Etoufio's General Store.
   664 | D        | Found Sophonta's Armour Emporium.
   664 | D        | Found Gonyn's Gadget Shop.
   664 | D        | Found Xoihata's Armour Shoppe.
   664 | D        | Found Leicwa's Jewellery Boutique.
   664 | D        | Found Jieg's Antique Armour Emporium.
   664 | D        | Found Demosaf's Weapon Shop.
   664 | D        | Found Bedet's Distillery.
   666 | D        | Bought a scroll of enchant armour for 105 gold pieces
   668 | D        | Bought a potion of lignification for 42 gold pieces
   669 | D        | Bought a scroll of summoning for 95 gold pieces
   669 | D        | Bought a scroll of fog for 20 gold pieces
   669 | D        | Bought a scroll of identify for 20 gold pieces
   669 | D        | Found Lodagram's Distillery.
   670 | D        | Found Imiss's Gadget Emporium.
   670 | D        | Found Cekubb's Distillery.
   671 | D        | Found Waut's Armour Emporium.
   676 | D        | Bought a potion of cancellation for 112 gold pieces
   676 | D        | Bought a potion of ambrosia for 112 gold pieces
   676 | D        | Bought a potion of stabbing for 56 gold pieces
   676 | D        | Bought a potion of resistance for 140 gold pieces
   676 | D        | Bought a potion of curing for 42 gold pieces
   676 | D        | Bought a potion of brilliance for 56 gold pieces
   676 | D        | Bought a potion of curing for 42 gold pieces
   676 | D        | Bought a potion of lignification for 42 gold pieces
   676 | D        | Bought a potion of heal wounds for 70 gold pieces
   677 | D        | Bought a potion of flight for 30 gold pieces
   677 | D        | Bought a potion of mutation for 80 gold pieces
   677 | D        | Bought a potion of degeneration for 10 gold pieces
   677 | D        | Bought a potion of heal wounds for 50 gold pieces
   677 | D        | Bought a potion of curing for 30 gold pieces
   703 | D        | Bought a scroll of blinking for 105 gold pieces
   708 | D        | Bought a +6 ring of strength for 819 gold pieces
   730 | D        | Reached skill level 15 in Axes
   855 | D        | Noticed an oklob plant
   864 | D        | Killed an oklob plant
   864 | D        | Reached XP level 10. HP: 89/103 MP: 5/5
   994 | D        | Killed a gargoyle
  1008 | D        | Found Xoiroxops's Armour Emporium.
  1115 | D        | Found Jaega's Weapon Boutique.
  1249 | D        | Noticed a centaur warrior
  1251 | D        | Noticed a centaur warrior
  1253 | D        | Killed a centaur warrior
  1253 | D        | Reached skill level 16 in Axes
  1257 | D        | Killed a centaur warrior
  1257 | D        | Reached skill level 1 in Stealth
  1441 | D        | Found a burning altar of Makhleb.
  1441 | D        | Found a viscous altar of Jiyva.
  1441 | D        | Found a shimmering altar of Xom.
  1441 | D        | Found a corrupted altar of Lugonu.
  1465 | D        | Paralysed by a floating eye for 4 turns
  1467 | D        | Noticed a rust devil
  1472 | D        | Noticed a rust devil
  1482 | D        | Reached skill level 17 in Axes
  1584 | D        | Noticed a shining eye
  1584 | D        | Noticed a shining eye
  1584 | D        | Noticed a shining eye
  1607 | D        | Killed a shining eye
  1609 | D        | Gained mutation: You are frail. (-10% HP) [a shining eye]
  1610 | D        | Killed a shining eye
  1611 | D        | Gained mutation: Armour fits poorly on your strangely
                  | shaped body. [a shining eye]
  1612 | D        | Killed a shining eye
  1612 | D        | Reached XP level 11. HP: 103/103 MP: 6/6
  1732 | D        | Noticed a shining eye
  1732 | D        | Noticed a shining eye
  1732 | D        | Noticed a shining eye
  1733 | D        | Gained mutation: You tend to lose your temper in combat. [a
                  | shining eye]
  1734 | D        | Killed a shining eye
  1735 | D        | Noticed a shining eye
  1735 | D        | Noticed a shining eye
  1738 | D        | Killed a shining eye
  1738 | D        | Reached skill level 18 in Axes
  1741 | D        | Killed a shining eye
  1744 | D        | Gained mutation: Your spells are a little easier to cast,
                  | but a little less powerful. [a shining eye]
  1745 | D        | Gained mutation: Your magical capacity is low. (-10% MP) [a
                  | shining eye]
  1749 | D        | Killed a shining eye
  1749 | D        | Lost mutation: You tend to lose your temper in combat. [a
                  | shining eye]
  1754 | D        | Killed a shining eye
  1779 | D        | Found Sesiho's Magic Scroll Shoppe.
  1779 | D        | Found Fekim's Antique Armour Emporium.
  1780 | D        | Found Taogisub's Antique Weapon Shop.
  1780 | D        | Found Juaqoq's Assorted Antiques.
  1785 | D        | Bought a scroll labeled ERCHEC KAURUL for 26 gold pieces
  1785 | D        | Bought a scroll labeled MAIQYXUNOI for 26 gold pieces
  1785 | D        | Bought a scroll of identify for 52 gold pieces
  1785 | D        | Bought a scroll labeled MOOXUK IXKU for 26 gold pieces
  1792 | D        | Bought a glowing cloak for 225 gold pieces
  1799 | D        | Bought a scroll of random uselessness for 12 gold pieces
  1799 | D        | Bought a scroll of amnesia for 42 gold pieces
  1799 | D        | Bought a scroll of immolation for 42 gold pieces
  1799 | D        | Bought a scroll of remove curse for 36 gold pieces
  1799 | D        | Bought a scroll of magic mapping for 42 gold pieces
  1801 | D        | Lost mutation: Armour fits poorly on your strangely shaped
                  | body. [potion of mutation]
  1801 | D        | Lost mutation: You are frail. (-10% HP) [potion of
                  | mutation]
  1801 | D        | Lost mutation: Your spells are a little easier to cast, but
                  | a little less powerful. [potion of mutation]
  1801 | D        | Gained mutation: Your spells are a little easier to cast,
                  | but a little less powerful. [potion of mutation]
  1801 | D        | Gained mutation: You have sharp fingernails. [potion of
                  | mutation]
  1801 | D        | Gained mutation: Your flesh is heat resistant. (rF+)
                  | [potion of mutation]
  1939 | D        | Noticed a lindwurm
  1947 | D        | Killed a lindwurm
  1982 | D        | Reached skill level 19 in Axes
  2373 | D        | Reached skill level 20 in Axes
  2584 | D        | Bought a potion of haste for 150 gold pieces
  2586 | D        | Bought a crude hand axe for 248 gold pieces
  2586 | D        | Identified the +7 hand axe of Ziahips {freeze, rElec rPois
                  | Str+2 Int+3} (You bought it in a shop in the Dungeon)
  2724 | D        | HP: 5/118 [something (24)]
  2749 | D        | Killed a lorocyproca
  3402 | D        | Bought 2 potions of experience for 1300 gold pieces
  3402 | D        | Bought a potion of heal wounds for 65 gold pieces
  3402 | D        | Bought a potion of curing for 39 gold pieces
  3402 | D        | Bought a potion of ambrosia for 104 gold pieces
  3402 | D        | Bought a potion of ambrosia for 104 gold pieces
  3402 | D        | Reached XP level 12. HP: 56/128 MP: 1/1
  3403 | D        | Reached skill level 5 in Evocations
  3403 | D        | Reached XP level 13. HP: 59/135 MP: 2/2
  3485 | D        | Noticed a daeva
  3540 | D        | HP: 6/135 [daeva/divine providence (16)]
  3541 | D        | Killed a daeva
  3541 | D        | Reached skill level 15 in Armour
  3601 | D        | Reached skill level 21 in Axes
  3611 | D        | Gained mutation: You resist negative energy. (rN+) [Deep
                  | Dwarf growth]
  3611 | D        | Reached XP level 14. HP: 52/145 MP: 1/1
  3619 | D        | Reached skill level 15 in Fighting
  3691 | D        | Noticed a fire giant
  3711 | D        | Noticed a fire giant
  3717 | D        | Killed a fire giant
  3718 | D        | Noticed a fire giant
  3726 | D        | Killed a fire giant
  3736 | D        | Killed a fire giant
  3743 | D        | Noticed a fire giant
  3761 | D        | Killed a fire giant
  3762 | D        | Identified the +4 dragonskin cloak
  3762 | D        | Noticed Tiamat
  3874 | D        | Paralysed by a floating eye for 3 turns
  3956 | D        | Noticed a shadow dragon
  3956 | D        | Noticed a golden dragon
  3959 | D        | Found Bulihuipn's Assorted Antiques.
  3974 | D        | Killed a golden dragon
  3974 | D        | Reached skill level 1 in Long Blades
  3974 | D        | Reached skill level 22 in Axes
  3974 | D        | Reached skill level 10 in Evocations
  3996 | D        | Killed a shadow dragon
  4018 | D        | Bought a potion of curing for 72 gold pieces
  4018 | D        | Bought a metallic puce potion for 21 gold pieces
  4243 | D        | Bought a potion of lignification for 39 gold pieces
  4243 | D        | Bought a potion of haste for 130 gold pieces
  4243 | D        | Bought a potion of resistance for 130 gold pieces
  4246 | D        | Bought a potion of curing for 30 gold pieces
  4257 | D        | Bought a shiny scale mail for 203 gold pieces
  4274 | D        | Bought a box of beasts (3/3) for 260 gold pieces
  4375 | D        | Got the Orb of Zot
  4402 | D        | Killed an Orb Guardian
  4430 | D        | Escaped with the Orb!

Illustrated notes

Levels and vault maps discovered:
D:        dungeon_sprint_1 [red_sonja_temple_1, red_sonja_temple_small_1]

Skill      XL: |  1  2  3  4  5  6  7  8  9 10 11 12 13 14 |
---------------+-------------------------------------------+-----
Fighting       | 3 5 6 8 9 10 12 14 16 | 16.8
Axes           | 3 5 7 11 12 13 15 17 20 21 22 | 22.3
Armour         | 4 5 7 9 10 12 13 14 15 16 | 16.9
Shields        | 4 6 7 9 10 11 12 | 12.9
Evocations     | 1 2 4 5 10 | 10.9
Stealth        | 1 |  1.3
Long Blades    | 2 |  2.8
Throwing       | |  0.1

Action                   |  1- 3 |  4- 6 |  7- 9 | 10-12 | 13-15 || total
-------------------------+-------+-------+-------+-------+-------++-------
Melee: War axe           |    16 |    23 |    62 |       |       ||   101
       Battleaxe         |       |       |    14 |   117 |       ||   131
       Hand axe          |       |       |       |    29 |   139 ||   168
       Great sword       |       |       |       |       |     5 ||     5
Throw: Dart              |       |       |     1 |     3 |       ||     4
Invok: Call Merchant     |       |       |       |     2 |       ||     2
       Potion Petition   |       |       |       |     1 |     1 ||     2
 Abil: Heal Wounds       |       |     5 |     8 |    16 |    18 ||    47
Evoke: Wand              |     1 |     1 |       |     3 |    15 ||    20
       Phial of floods   |       |       |       |       |     3 ||     3
  Use: Potion            |     1 |     1 |     5 |    12 |    10 ||    29
       Scroll            |       |       |       |     2 |     5 ||     7
 Stab: Paralysed         |       |       |       |     1 |     3 ||     4
       Distracted        |       |       |       |     4 |     1 ||     5
Armor: Scale mail        |    10 |     2 |    40 |    19 |    73 ||   144
       Skin              |       |       |       |    46 |       ||    46
Dodge: Dodged            |     3 |    13 |    25 |    19 |    30 ||    90
Block: Kite shield       |     5 |     7 |    44 |     4 |    22 ||    82
       Tower shield      |       |       |       |       |    43 ||    43
       Rpst.: Great sword |       |       |       |       |     1 ||     1

Table legend: (Time is in decaauts)
 A = Elapsed time spent in this place.
 B = Non-inter-level travel time spent in this place.
 C = Inter-level travel time spent in this place.
 D = Time resting spent in this place.
 E = Time spent auto-exploring this place.
 F = Levels seen in this place.
 G = Mean time per level.
                   A        B        C        D        E       F      G
               +--------+--------+--------+--------+--------+-----+--------+
         Total |   4341 |   3948 |    393 |   2344 |      0 |   1 | 4341.0 |
       Dungeon |   4341 |   3948 |    393 |   2344 |      0 |   1 | 4341.0 |
               +--------+--------+--------+--------+--------+-----+--------+

Top non-repeatable levels by time:
       D: 4341 daAuts
